 Dungeon Crawl Stone Soup version 0.30.1-11-g7821555f0a (webtiles) character file.

Game seed: 13832788213511530874

954 Martska the Trooper (level 8, -11/67 HPs)
             Began as a Human Fighter on Dec 2, 2023.
             Mangled by Pikel
             ... wielding a +2 whip of electrocution
              (19 damage)
             ... on level 5 of the Dungeon.
             The game lasted 00:05:22 (3878 turns).

Martska the Trooper (Human Fighter)                 Turns: 3878, Time: 00:05:22

Health: -11/67     AC:  6    Str: 19    XL:     8   Next: 36%
Magic:  8/8        EV: 16    Int:  9    God:
Gold:   304        SH:  4    Dex: 12    Spells: 7/7 levels left

rFire   . . .        t - +1 dagger (drain)
rCold   . . .        c - +0 buckler
rNeg    . . .        b - +0 scale mail
rPois   .            (no helmet)
rElec   .            (no cloak)
rCorr   .            (no gloves)
SInv    .            (no boots)
Will    .....        (no amulet) Stlth
                     e - +5 ring of evasion
HPRegen 0.31/turn    (no ring)
MPRegen 0.11/turn

%: no passive effects
@: no status effects
A: no striking features
a: no special abilities


You were on level 5 of the Dungeon.
You visited 1 branch of the dungeon, and saw 5 of its levels.

You collected 304 gold pieces.

Inventory:

Hand Weapons
 a - a +0 rapier
 j - a +0 long sword
 t - a +1 dagger of draining (weapon)
 v - a +2 falchion of distortion
Armour
 b - a +0 scale mail (worn)
 c - a +0 buckler (worn)
Jewellery
 e - a +5 ring of evasion (left hand)
 m - a ring of wizardry
Scrolls
 d - a scroll of poison {unknown}
 f - 4 scrolls of vulnerability {unknown}
 g - a scroll of fear {unknown}
 h - a scroll of enchant weapon {unknown}
 k - 3 scrolls of magic mapping {unknown}
 l - 2 scrolls of noise {unknown}
 n - 3 scrolls of identify {unknown}
 p - a scroll of teleportation {unknown}
 u - a scroll of fog {unknown}
 y - a scroll of immolation {unknown}
Potions
 i - 2 potions of invisibility {unknown}
 o - 2 potions of curing {unknown}
 q - a potion of attraction {unknown}
 r - 2 potions of brilliance {unknown}
 s - a potion of degeneration {unknown}
 w - a potion of heal wounds {unknown}
 x - a potion of lignification {unknown}
 z - a potion of cancellation {unknown}


   Skills:
 * Level 7.1 Fighting
 - Level 2.0 Short Blades
 - Level 3.0 Armour
 - Level 6.2 Dodging
 * Level 0.3 Stealth
 * Level 3.0 Shields


You had 7 spell levels left.
You didn't know any spells.
Your spell library contained the following spells:

 Spells                   Type           Power      Damage    Failure   Level
 Summon Small Mammal      Summ           0%         N/A       83%         1
 Call Canine Familiar     Summ           0%         N/A       99%         3
 Summon Guardian Golem    Hex/Summ       0%         N/A       99%         3
 Vhi's Electric Charge    Tloc/Air       0%         N/A       99%         3
 Animate Dead             Necr           0%         N/A       100%        4
 Arcjolt                  Conj/Air       0%         1d10      100%        5
 Plasma Beam              Fire/Air       0%         2x1d11    100%        6
 Haunt                    Necr/Summ      0%         N/A       100%        7
 Infestation              Necr           0%         N/A       100%        8


Dungeon Overview and Level Annotations

Branches:
Dungeon (5/15)
 Temple: D:4-7

Altars:
Cheibriados
Hepliaklqana
Nemelex Xobeh

Annotations:
D:5 Pikel


Message History

You closely miss the hound. You block the hound's attack.
The hound bites you but does no damage.
You hit the hound but do no damage. The hound completely misses you.
You hit the hound.
The hound is lightly wounded.
You block the hound's attack. x2
You hit the hound.
The hound is lightly wounded.
You block the hound's attack.
You hit the hound but do no damage. You drain the hound.
The hound is moderately wounded.
The hound bites you.
You barely miss the hound.
The hound is moderately wounded.
The hound bites you but does no damage. You block the hound's attack.
Pikel drinks a potion.
Pikel goes berserk!
You hit the hound.
The hound is heavily wounded.
The hound misses you.
You hit the hound. You drain the hound.
The hound is almost dead.
The hound misses you. The hound barely misses you.
You miss the hound.
The hound is almost dead.
The hound bites you but does no damage.
You hit the hound.
You kill the hound!
You hit Pikel but do no damage.
Pikel hits you with a +2 whip of electrocution!
You are electrocuted!
You barely miss Pikel. Pikel closely misses you. Pikel barely misses you.
You closely miss Pikel.
Pikel hits you with a +2 whip of electrocution!
You are electrocuted!!
* * * LOW HITPOINT WARNING * * *
You miss Pikel.
Pikel hits you with a +2 whip of electrocution!
* * * LOW HITPOINT WARNING * * *
You are electrocuted!!
You die... #...# #.#.# #..(# .#.## #...### ....# #....). ... ##..### 555

.....# #5#
#####.# #K#
#.#
#@########
#>#
#........#
#.###
########.#
#.#..
#.#####....
#..........
#########..
#.. ### #


You could see Pikel (berserk) and 4 lemures.

Vanquished Creatures
  Prince Ribbit (D:5)
  A black bear (D:4)
  2 ogres (D:5)
  A centaur (D:5)
  3 hounds
  An orc priest (D:2)
  An iguana (D:5)
  Ijyb (D:3)
  3 orc wizards
  10 adders
  An ufetubus (D:5)
  3 worms
  2 dart slugs
  13 orcs
  6 ball pythons
  3 bats
  6 endoplasms
  3 giant cockroaches
  9 goblins
  7 hobgoblins
  3 quokkas
  7 frilled lizards
  5 kobolds
  2 rats
94 creatures vanquished.

Notes
Turn   | Place    | Note
-------+----------+-------------------------------------------
     0 | D:1      | Martska the Human Fighter began the quest for the Orb.
     0 | D:1      | Reached XP level 1. HP: 18/18 MP: 1/1
    62 | D:1      | Reached skill level 1 in Dodging
    62 | D:1      | Reached XP level 2. HP: 15/24 MP: 2/2
   313 | D:1      | Reached XP level 3. HP: 27/29 MP: 3/3
   888 | D:2      | Reached skill level 4 in Fighting
   888 | D:2      | Reached XP level 4. HP: 31/37 MP: 4/4
  1124 | D:2      | Reached XP level 5. HP: 32/43 MP: 5/5
  1978 | D:3      | Found a sparkling altar of Nemelex Xobeh.
  2024 | D:3      | Noticed Ijyb
  2025 | D:3      | Paralysed by Ijyb for 5 turns
  2032 | D:3      | Paralysed by Ijyb for 4 turns
  2041 | D:3      | Paralysed by Ijyb for 5 turns
  2051 | D:3      | Paralysed by Ijyb for 2 turns
  2058 | D:3      | Killed Ijyb
  2099 | D:3      | Reached XP level 6. HP: 29/29 MP: 6/6
  2375 | D:4      | Reached skill level 5 in Fighting
  2458 | D:4      | Found a snail-covered altar of Cheibriados.
  2586 | D:4      | Noticed a black bear
  2604 | D:4      | Killed a black bear
  2973 | D:4      | Reached XP level 7. HP: 51/52 MP: 7/7
  3236 | D:5      | Entered Level 5 of the Dungeon
  3379 | D:5      | Reached skill level 6 in Fighting
  3444 | D:5      | Reached skill level 5 in Dodging
  3452 | D:5      | Found a hazy altar of Hepliaklqana.
  3662 | D:5      | Noticed Prince Ribbit
  3735 | D:5      | Reached XP level 8. HP: 47/65 MP: 8/8
  3747 | D:5      | Killed Prince Ribbit
  3748 | D:5      | Reached skill level 7 in Fighting
  3862 | D:5      | Noticed Pikel
  3878 | D:5      | Mangled by Pikel

Illustrated notes

Levels and vault maps discovered:
D:1:      lightli_arrival_farm, layout_rooms
D:2:      layout_rooms
D:3:      layout_loops_ring, nemelex_xobeh_ov_fountains_minmay, uniq_ijyb
D:4:      layout_loops_corners, lemuel_round_altar
D:5:      layout_loops_ring, mainiacjoe_overflow_catwalk, uniq_eustachio,
          uniq_pikel, uniq_prince_ribbit1

Skill      XL: |  1  2  3  4  5  6  7  8 |
---------------+-------------------------+-----
Dodging        | 1 2 3 4 5 6 |  6.2
Fighting       | 4 5 6 7 |  7.1
Short Blades   | |  2.0
Armour         | |  3.0
Stealth        | |  0.3
Shields        | |  3.0

Action                     |  1- 3 |  4- 6 |  7- 9 || total
---------------------------+-------+-------+-------++-------
  Melee: Rapier            |    98 |   152 |       ||   250
         Dagger            |       |    91 |   154 ||   245
    Use: Potion            |       |       |     1 ||     1
 Armour: Scale mail        |    32 |    60 |    49 ||   141
  Dodge: Dodged            |    63 |   173 |    91 ||   327
  Block: Buckler           |    23 |    59 |    42 ||   124
